 Dungeon Crawl Stone Soup version 0.29-a0-418-gc0181ea820 (webtiles) character file.

Game seed: 8815243792350742577

70 xian the Magician (level 4, -10/33 HPs)
             Began as a Djinni Warper on May 18, 2022.
             Was a Plaything of Xom.
             Mangled by an ogre
             ... wielding a +0 giant club
              (18 damage)
             ... on level 3 of the Dungeon.
             The game lasted 00:06:23 (3457 turns).

xian the Magician (Djinni Warper)                   Turns: 3457, Time: 00:06:24

Health: -10/33     AC:  5    Str: 10      XL:     4   Next: 44%
Gold:   139        EV: 10    Int: 16 (17) God:    Xom [......] SH:  0 Dex: 11 (12)

rFire   + + +      SeeInvis .   e - +1 dagger (vamp)
rCold   x . .      Faith    .   (no shield)
rNeg    . . .      Spirit   .   n - +0 ring mail {rF+}
rPois   ∞          Reflect  .   (no helmet)
rElec   .          Harm     .   (no cloak)
rCorr   .          Rampage  .   (no gloves)
Will    .....                   (boots unavailable)
Stlth   +.........              (no amulet)
HPRegen 0.11/turn               (no ring)
MPRegen 0.00/turn               (no ring)

@: flying, very slightly contaminated
A: sickness immunity, fire resistance 2, cold vulnerability 1, float, innate
caster, HP casting, extra vitality 1, deterioration 1, passive freeze
a: Renounce Religion


You were on level 3 of the Dungeon.
You worshipped Xom.
You were a very special plaything of Xom.
You visited 1 branch of the dungeon, and saw 3 of its levels.

You collected 139 gold pieces.

Inventory:

Hand Weapons
 e - a +1 vampiric dagger (weapon)
Missiles
 c - 3 boomerangs of dispersal
 f - 3 poisoned darts
Armour
 a - a +0 leather armour
 n - a +0 ring mail of fire resistance (worn)
Scrolls
 b - a scroll of blinking
 h - 3 scrolls of identify {unknown}
 j - a scroll of magic mapping {unknown}
 m - a scroll of amnesia {unknown}
Potions
 d - a potion of curing {unknown}
 g - a potion of lignification {unknown}
 i - 2 potions of degeneration {unknown}
 k - a potion of berserk rage {unknown}
 l - a potion of might {unknown}


   Skills:
 + Level 2.1 Fighting
 + Level 0.2 Short Blades
 + Level 0.8 Throwing
 + Level 1.8 Armour
 + Level 2.5 Dodging
 + Level 0.3 Stealth
 + Level 2.1 Unarmed Combat
 + Level 3.2 Spellcasting


You couldn't memorise any spells.
You knew the following spells:

 Your Spells              Type           Power      Damage    Failure   Level
a - Blink                 Tloc           24%        N/A       19%         2
b - Lesser Beckoning      Tloc           12%        N/A       36%         3
c - Gell's Gravitas       Tloc           12%        N/A       36%         3
d - Teleport Other        Tloc           12%        N/A       36%         3
e - Manifold Assault      Tloc           12%        N/A       98%         5
f - Pain                  Necr           48%        1d6       12%         1
Your spell library was empty.

Dungeon Overview and Level Annotations

Branches:
Dungeon (3/15)

Altars:
Xom

Annotations:
D:1 1 exclusion


Innate Abilities, Weirdness & Mutations

You are immune to sickness and miasma.
You are immune to poison.
Your flesh is very heat resistant. (rF++)
You are vulnerable to cold. (rC-)
You float through the air rather than walking.
You learn spells naturally, not from books.
Your magical power is your life essence.
You have superior vitality. (+4 MHP)
Your body sometimes deteriorates upon taking damage.
A frigid envelope surrounds you and freezes all who hurt you.


Message History

Your magical contamination has completely faded away.
Xom's malign attention turns to you for a moment.
You feel clumsy.
An ogre comes into view. It is wielding a +0 giant club.
Found a scroll labelled FAIGRI DESOL.
The ogre shouts!
You can't see any susceptible monsters within range! (Use Z to cast anyway.)
You need no library to learn spells.
Found 14 stones.
The ogre struggles to resist.
The ogre writhes in agony.
The ogre struggles to resist.
The ogre barely misses you.
You hit the ogre.
You feel better.
The ogre is lightly wounded.
The ogre struggles to resist.
The ogre hits you with a +0 giant club!
Your body deteriorates!
You feel dopey.
The ogre is very cold.
The ogre is heavily wounded.
You are too injured to fight recklessly!
You are too injured to fight recklessly!
The ogre attacks as you move away! The ogre hits you with a +0 giant club!
* * * LOW HITPOINT WARNING * * *
The ogre is very cold.
The ogre is heavily wounded.
An iguana comes into view. "Hum-dee-hum-dee-hum..."
The iguana flickers and vanishes!
Deactivating autopickup; reactivate with Ctrl-A.
You are too injured to fight recklessly!
Aiming: Pain (safe; 12% risk of failure)
Press: ? - help, Q - select action, (/) - cycle Shift-Dir - straight line, f/p - ogre
Aim: an ogre, wielding a +0 giant club (heavily wounded, chance to affect: 67%)
You miscast Pain.
You are very lightly contaminated with residual magic.
Nothing appears to happen.
* * * LOW HITPOINT WARNING * * *
The ogre hits you with a +0 giant club!!
Ouch! That really hurt!
You die...
Xom cackles wildly!

............#........#<...# #....
............#........####.###.#..
............########## #.....#..
............## #######..
.............######## #......
.......#............# #.####.
.....>..........{...# #....†.
................O...# #####..####
(...............@...# #......#
######.?......####### #.####.#
#........# #.####.### #........#
#....#...# #....?...# ####.###.#
#........# #.....# #######


You could see an ogre.

Vanquished Creatures
  An adder (D:3)
  A gnoll (D:1)
  2 dart slugs (D:2)
  6 ball pythons
  6 bats
  7 endoplasms
  2 giant cockroaches
  3 goblins
  3 hobgoblins
  3 quokkas
  A frilled lizard (D:2)
  2 kobolds
  4 rats
41 creatures vanquished.

Notes
Turn   | Place    | Note
-------+----------+-------------------------------------------
     0 | D:1      | xian the Djinni Warper began the quest for the Orb.
     0 | D:1      | Reached XP level 1. HP: 18/18 MP: 0/0
    41 | D:1      | Reached XP level 2. HP: 3/23 MP: 0/0
   858 | D:1      | Reached XP level 3. HP: 25/28 MP: 0/0
   858 | D:1      | Learned a level 1 spell: Pain
  2011 | D:2      | Reached skill level 3 in Spellcasting
  2076 | D:2      | Found a shimmering altar of Xom.
  2091 | D:2      | Became a worshipper of Xom of Chaos
  2182 | D:2      | XOM: silly message
  2274 | D:2      | XOM is BORED!
  2449 | D:2      | Reached XP level 4. HP: 22/33 MP: 0/0
  2675 | D:2      | XOM: noise
  3035 | D:2      | XOM: give mutations
  3035 | D:2      | Gained mutation: A frigid envelope surrounds you and
                  | freezes all who hurt you. [Xom's mischief]
  3035 | D:2      | Gained mutation: Your body sometimes deteriorates upon
                  | taking damage. [Xom's mischief]
  3401 | D:3      | XOM: stat loss: -1 Dex (11/12)
  3438 | D:3      | Noticed an ogre
  3454 | D:3      | XOM: enchant monster (bad)
  3457 | D:3      | Mangled by an ogre

Illustrated notes

Levels and vault maps discovered:
D:1:      dpeg_arrival_lava_temple_mockup, layout_basic
D:2:      layout_basic, basic_altar
D:3:      layout_basic, shapermc_ecumenical_altar_notcrosses

Skill      XL: |  1  2  3 |
---------------+----------+-----
Spellcasting   | 3 |  3.2
Fighting       | |  2.1
Short Blades   | |  0.2
Throwing       | |  0.8
Armour         | |  1.8
Dodging        | |  2.5
Stealth        | |  0.3
Unarmed Combat | |  2.1

Action                   |  1- 3 |  4- 6 || total
-------------------------+-------+-------++-------
Melee: Unarmed           |    23 |       ||    23
       Dagger            |    33 |     1 ||    34
       Punch             |     2 |       ||     2
Throw: Boomerang         |     4 |       ||     4
 Cast: Pain              |    36 |    21 ||    57
 Stab: Sleeping          |     1 |       ||     1
Armor: Leather armour    |    13 |       ||    13
       Ring mail         |       |     2 ||     2
Dodge: Dodged            |    37 |     3 ||    40

Table legend: (Time is in decaauts)
 A = Elapsed time spent in this place.
 B = Non-inter-level travel time spent in this place.
 C = Inter-level travel time spent in this place.
 D = Time resting spent in this place.
 E = Time spent auto-exploring this place.
 F = Levels seen in this place.
 G = Mean time per level.
                   A        B        C        D        E       F      G
               +--------+--------+--------+--------+--------+-----+--------+
         Total |   3456 |   3408 |     48 |      0 |   3054 |   3 | 1152.0 |
       Dungeon |   3456 |   3408 |     48 |      0 |   3054 |   3 | 1152.0 |
               +--------+--------+--------+--------+--------+-----+--------+

Top non-repeatable levels by time:
     D:1: 1606 daAuts
     D:2: 1587 daAuts
     D:3: 261 daAuts
